 Dungeon Crawl Stone Soup version 0.31.0-11-ge490571c62 (webtiles) character file.

Game seed: 14268969874173408713

3244 Minsecho the Basher (level 9, -1/78 (97) HPs)
             Began as an Oni Gladiator on Feb 10, 2024.
             Was an Elder of Lugonu.
             Killed from afar by a manticore (17 damage)
             ... with a volley of spikes
             ... on level 7 of the Dungeon.
             The game lasted 00:16:30 (6588 turns).

Minsecho the Basher (Oni Gladiator)                 Turns: 6588, Time: 00:16:30

HP:   -1/78 (97)    AC:  3    Str: 22    XL:     9   Next: 99%
MP:   10/12         EV: 11    Int: 11    God:    Lugonu [****..]
Gold: 336           SH:  0    Dex: 10    Spells: 5/12 levels left

rFire   + . .        a - +0 flail
rCold   . . .        (no shield)
rNeg    . . .        b - +0 robe
rPois   +            c - +0 hat
rElec   .            (no cloak)
rCorr   .            (gloves unavailable)
SInv    .            (boots unavailable)
Will    +....        z - amulet of regeneration
Stlth   ++           k - ring of poison resistance
HPRegen 1.13/turn    r - ring of willpower
MPRegen 0.13/turn

%: no passive effects
@: spiked, heavily drained
A: large, unfitting armour, horns 1, tough skin 1, double potion healing,
drunken brawling, fire resistance 1, screaming 1
a: Renounce Religion, Depart the Abyss, Banish, Corrupt


You were on level 7 of the Dungeon.
You worshipped Lugonu.
Lugonu was greatly pleased with you.
You visited 2 branches of the dungeon, and saw 8 of its levels.
You also visited: Sewer.

You collected 336 gold pieces.

Inventory:

Hand Weapons
 a - a +0 flail (weapon)
Missiles
 B - 3 poisoned darts
Armour
 b - a +0 robe (worn)
 c - a +0 hat (worn)
Jewellery
 k - a ring of poison resistance (left hand)
 r - a ring of willpower (right hand)
 z - an amulet of regeneration (around neck)
Wands
 d - a wand of digging (2)
Scrolls
 f - a scroll of blinking {unknown}
 g - a scroll of fog {unknown}
 h - 3 scrolls of poison {unknown}
 m - a scroll of amnesia {unknown}
 n - a scroll of teleportation {unknown}
 o - 2 scrolls of vulnerability
 t - a scroll of torment {unknown}
 u - a scroll of revelation {unknown}
 y - a scroll of immolation {unknown}
 C - 2 scrolls of fear {unknown}
 E - a scroll of summoning
 H - a scroll of enchant armour {unknown}
Potions
 e - a potion of degeneration {unknown}
 i - a potion of enlightenment
 l - 2 potions of berserk rage
 p - a potion of lignification
 q - a potion of cancellation
 s - a potion of might
 w - a potion of mutation
 x - 2 potions of haste {unknown}
 D - 3 potions of curing
 G - a potion of invisibility
 I - a potion of resistance


   Skills:
 + Level 8.7 Fighting
 + Level 8.8 Maces & Flails
 + Level 3.0 Throwing
 + Level 6.1 Dodging
 - Level 1.4 Stealth
 * Level 2.1 Spellcasting
 * Level 1.7 Summonings
 * Level 2.2 Translocations
 * Level 4.2 Invocations


You had 5 spell levels left.
You knew the following spells:

 Your Spells              Type           Power      Damage    Failure   Level
a - Call Canine Familiar  Summ           5%         N/A       38%         3
b - Blink                 Tloc           12%        N/A       17%         2
c - Call Imp              Summ           10%        N/A       22%         2

Your spell library contained the following spells:

 Spells                   Type           Power      Damage    Failure   Level
 Lesser Beckoning         Tloc           12%        N/A       17%         2
 Momentum Strike          Conj/Tloc      6%         3d8       26%         2
 Magic Dart               Conj           4%         1d3       28%         1
 Sigil of Binding         Hex            1%         N/A       65%         3
 Dimensional Bullseye     Hex/Tloc       1%         N/A       87%         4


Dungeon Overview and Level Annotations

Branches:
Dungeon (7/15)             Temple (1/1) D:4           Sewer (visited)

Altars:
Cheibriados
Dithmenos
Elyvilon
Fedhas
Gozag
Hepliaklqana
Makhleb
Nemelex Xobeh
Okawaru
Ru
Trog
Uskayaw
Vehumet
Yredelemnul
Zin
Lugonu

Annotations:
D:6 1 runed translucent door, RockinRobin's ghost, novice MfSh


Innate Abilities, Weirdness & Mutations

You are too large for most types of armour.
You have a pair of small horns on your head.
You have tough skin. (AC +1)
You gain doubled healing and magic from potions.
Whenever you drink a healing potion, you attack all around you.
Your flesh is heat resistant. (rF+)
You occasionally shout uncontrollably at your foes.


Message History

The manticore flicks its tail.
The volley of spikes skewers you!
The barbed spikes become lodged in your body.
Okay, then.
Okay, then.
Okay, then.
Okay, then.
Cast which spell? (? or * to list)
A tiny devil pulls itself out of the air.
Your phantom closely misses the manticore.
The manticore flicks its tail.
The volley of spikes skewers you.
The barbed spikes become lodged in your body.
Throw: 5 darts (poison)
Press: ? - help, Shift-Dir - straight line, f/p - manticore
Aim: a manticore (severely wounded, ally target, 70% to hit)
You throw a poisoned dart. The poisoned dart hits the manticore.
The manticore is poisoned.
The manticore is severely wounded.
Your phantom hits the manticore but does no damage.
The manticore flicks its tail.
The volley of spikes skewers you!!
The barbed spikes become lodged in your body.
* * * LOW HITPOINT WARNING * * *
Unknown command.
Throw: 4 darts (poison)
Press: ? - help, Shift-Dir - straight line, f/p - manticore
Aim: a manticore (severely wounded, poisoned, ally target, 70% to hit)
You throw a poisoned dart.
The poisoned dart closely misses the manticore.
Your phantom hits the manticore but does no damage.
Your cerulean imp hits the manticore from afar with a -4 spear.
The manticore flicks its tail.
The volley of spikes misses you.
Your phantom completely misses the manticore.
Your cerulean imp hits the manticore but does no damage.
The manticore flicks its tail.
The volley of spikes skewers you!
The barbed spikes become lodged in your body.
You die...

#.#.# #.#.# #.# #.#.# #...#
#.# ##.#.####(######## ###.#
#......[#........# #....
#.#####.###..###.# ##.#.#
###.# #.# #W(# ##....# #...#
#.# #H.# ##.###.# #.#.# #.#
#..# #.####.## ##. #.#.#####.#
#@5# #......# .
#.#.......###..# ######.## .
#.#)##.........#########.###..
#.#.##.#######.##.>.........#
#.#.##.# #.##.#.....(..##
#.#.##.# ###.##.#.#####.##
#<#.##.# #......#.# .#
#.#.##.# #......#.# .#
#.#....# #........# .#


You could see a manticore (poisoned, ally target), a friendly phantom (summoned)
and a friendly cerulean imp (summoned).

Vanquished Creatures
  Joseph (D:7)
  Jeremiah (D:7)
  Sigmund (D:3)
  A water moccasin (D:7)
  An ice beast (D:7)
  A sky beast (D:7)
  A crocodile (Sewer)
  An ogre (D:5)
  3 centaurs
  A phantom (D:6)
  A kobold brigand (D:5)
  A brain worm (Sewer)
  A bullfrog (D:7)
  7 scorpions
  4 wights (D:7)
  3 bombardier beetles
  4 hounds
  An orc priest (D:6)
  3 jellies
  2 iguanas
  A sleepcap (D:6)
  6 orc wizards
  5 adders
  A shadow imp (D:6)
  A ribbon worm (D:2)
  2 dart slugs
  14 orcs
  3 ball pythons
  6 endoplasms
  3 giant cockroaches
  7 goblins
  5 hobgoblins
  8 jackals
  10 quokkas
  6 bats
  8 kobolds
  9 rats
134 creatures vanquished.

Vanquished Creatures (collateral kills)
  A black bear (D:6)
  An ogre (D:6)
  2 orcs (D:6)
4 creatures vanquished.

Grand Total: 138 creatures vanquished

Notes
Turn   | Place    | Note
-------+----------+-------------------------------------------
     0 | D:1      | Minsecho the Oni Gladiator began the quest for the Orb.
     0 | D:1      | Reached XP level 1. HP: 22/22 MP: 1/1
   213 | D:1      | Found a faded altar of an unknown god.
   223 | D:1      | Reached XP level 2. HP: 28/29 MP: 2/2
   230 | D:1      | Prayed at the altar of an unknown god.
   230 | D:1      | Became a worshipper of Lugonu the Unformed
   230 | D:1      | Reached * piety under Lugonu
   959 | D:2      | Reached XP level 3. HP: 21/36 MP: 3/3
  1138 | D:2      | Gained mutation: You occasionally shout uncontrollably at
                  | your foes. [potion of mutation]
  1138 | D:2      | Gained mutation: Your flesh is heat resistant. (rF+)
                  | [potion of mutation]
  1301 | D:2      | Reached XP level 4. HP: 30/45 MP: 4/4
  1310 | D:2      | Reached ** piety under Lugonu
  1714 | D:3      | Found a white marble altar of Elyvilon.
  1859 | D:3      | Learned a level 3 spell: Call Canine Familiar
  1894 | D:3      | Found a sparkling altar of Nemelex Xobeh.
  2084 | D:3      | Reached XP level 5. HP: 46/53 MP: 5/5
  2161 | D:3      | Noticed Sigmund
  2170 | D:3      | Killed Sigmund
  2171 | D:3      | Reached skill level 5 in Maces & Flails
  2171 | D:3      | Reached XP level 6. HP: 48/62 MP: 6/6
  2670 | D:4      | Reached XP level 7. HP: 56/71 MP: 7/7
  2913 | D:4      | Found a glowing silver altar of Zin.
  3044 | D:4      | Found a staircase to the Ecumenical Temple.
  3096 | Temple   | Entered the Ecumenical Temple
  3198 | D:4      | Reached skill level 1 in Stealth
  3389 | D:5      | Entered Level 5 of the Dungeon
  3482 | D:5      | Found a glowing drain.
  3539 | Sewer    | Entered a sewer
  3617 | Sewer    | Reached skill level 5 in Fighting
  3958 | D:4      | Reached skill level 5 in Dodging
  3958 | D:4      | Reached XP level 8. HP: 40/80 MP: 8/8
  4112 | D:5      | Reached *** piety under Lugonu
  4657 | D:6      | Noticed RockinRobin's ghost (novice MfSh)
  4869 | D:6      | Reached skill level 1 in Invocations
  4994 | D:6      | Reached XP level 9. HP: 77/93 MP: 10/10
  4999 | D:6      | Learned a level 2 spell: Blink
  5187 | D:6      | Learned a level 2 spell: Call Imp
  5237 | D:6      | Found a runed translucent door.
  5563 | D:7      | Noticed Joseph
  5581 | D:7      | Killed Joseph
  5582 | D:7      | Reached skill level 1 in Spellcasting
  5582 | D:7      | Reached skill level 1 in Summonings
  5582 | D:7      | Reached skill level 1 in Translocations
  5953 | D:7      | Found a basalt altar of Yredelemnul.
  5980 | D:7      | Reached **** piety under Lugonu
  6161 | D:7      | Noticed Jeremiah
  6508 | D:7      | Killed Jeremiah
  6558 | D:7      | Noticed a manticore
  6559 | D:7      | Noticed a cyclops
  6588 | D:7      | Killed from afar by a manticore

Illustrated notes

Levels and vault maps discovered:
D:1:      evilmike_arrival_plus, layout_loops_ring,
          shapermc_ecumenical_altar_acropolis
D:2:      layout_basic
D:3:      layout_basic, nemelex_spade_bored_becter,
          mainiacjoe_overflow_small_starburst, uniq_sigmund
D:4:      layout_gridville, zin_academy, temple_green
D:5:      layout_basic, gup_sewer_entry_pipe, serial_corexii_hall,
          corexii_hall_statues_l, corexii_hall_statues_l,
          lexackson_kobold_supper
D:6:      layout_basic, hellmonk_ghost_happy_afterlife, billiards_dpeg
D:7:      minmay_blocky_corners, layout_loops_ring,
          lemuel_coloured_pillars_altar, uniq_joseph, uniq_jeremiah
Temple:   jpeg_temple_clearing

Skill      XL: |  1  2  3  4  5  6  7  8  9 |
---------------+----------------------------+-----
Dodging        | 3 4 5 6 |  6.1
Fighting       | 3 4 5 7 8 |  8.7
Maces & Flails | 4 5 6 7 8 |  8.8
Stealth        | 1 |  1.4
Invocations    | 2 4 |  4.2
Spellcasting   | 2 |  2.1
Summonings     | 1 |  1.7
Translocations | 2 |  2.2
Throwing       | 3 |  3.0

Action                     |  1- 3 |  4- 6 |  7- 9 || total
---------------------------+-------+-------+-------++-------
  Melee: Flail             |   114 |   112 |   439 ||   665
         Headbutt          |    16 |     9 |    96 ||   121
         Punch             |       |       |     7 ||     7
  Throw: Throwing net      |       |     4 |     7 ||    11
         Large rock        |       |     1 |     7 ||     8
         Dart              |       |       |     4 ||     4
   Cast: Call Imp          |       |       |     1 ||     1
  Evoke: Wand              |       |       |     4 ||     4
    Use: Potion            |     2 |       |     1 ||     3
         Scroll            |       |       |    10 ||    10
   Stab: Sleeping          |     1 |       |     2 ||     3
         Held in net/web   |       |     1 |     2 ||     3
 Armour: Robe              |    78 |    84 |   277 ||   439
  Dodge: Dodged            |    62 |    64 |   196 ||   322
